 Dungeon Crawl Stone Soup version 0.19.5 (webtiles) character file.

102 galech the Skirmisher (level 4, 0/49 HPs)
             Began as an Ogre Fighter on Mar 6, 2017.
             Was an Initiate of Okawaru.
             Slain by an adder (2 damage)
             ... on level 3 of the Dungeon on Mar 7, 2017.
             The game lasted 00:04:17 (2952 turns).

galech the Skirmisher (Ogre Fighter)                Turns: 2952, Time: 00:04:18

Health: 0/49       AC:  3    Str: 21 (22) XL:     4   Next: 78%
Magic:  4/4        EV:  8    Int:  9 (12) God:    Okawaru [......]
Gold:   142        SH:  8    Dex:  6 (9)  Spells: 0 memorised, 3 levels left

rFire  . . .     SeeInvis .     a - +0 flail
rCold  . . .     Gourm    .     b - +0 robe
rNeg   . . .     Faith    +     c - +0 shield
rPois  .         Spirit   .     (helmet restricted)
rElec  .         Reflect  .     (no cloak)
rCorr  .         Harm     .     (gloves unavailable)
MR     .....                    (boots unavailable)
Stlth  +.........               j - amulet of faith
                                (no ring)
                                (no ring)

@: brilliant, lethally poisoned (0 -> -3)
A: unfitting armour, tough skin 1, no device heal 1
a: Renounce Religion


You were on level 3 of the Dungeon.
You worshipped Okawaru.
Okawaru was noncommittal.
You were not hungry.

You visited 1 branch of the dungeon, and saw 3 of its levels.

You collected 142 gold pieces.

Inventory:

Hand Weapons
 a - a +0 flail (weapon)
Armour
 b - a +0 robe (worn)
 c - a +0 shield (worn)
Jewellery
 j - an amulet of faith (around neck)
Wands
 t - a wand of digging (14/24)
 v - a wand of paralysis (10/24)
Scrolls
 e - a scroll of identify {unknown}
 k - a scroll of amnesia {unknown}
 p - a scroll of fog {unknown}
 q - a scroll of enchant armour {unknown}
 s - a scroll of enchant weapon {unknown}
 u - a scroll of remove curse {unknown}
Potions
 d - a potion of might
 m - a potion of cure mutation
Comestibles
 f - 3 bread rations
 i - 4 fruits
 l - a chunk of flesh
 r - a slice of pizza


   Skills:
 + Level 4.9 Fighting
 + Level 4.3 Maces & Flails
 + Level 3.0 Dodging
 + Level 0.4 Stealth
 + Level 3.3 Shields


You had 3 spell levels left.
You didn't know any spells.

Dungeon Overview and Level Annotations

Branches:
Dungeon (3/15)

Altars:
Dithmenos
Elyvilon
Okawaru
The Shining One


Innate Abilities, Weirdness & Mutations

You are too large for most types of armour.
You have tough skin. (AC +1)
Potions and wands are less effective at restoring your health.


Message History

You feel clever all of a sudden. The adder bites you.
* * * LOW HITPOINT WARNING * * *
The kobold barely misses you.
It was a potion of mutation.
You feel extremely strange.
You feel agile.
Your system partially rejects artificial healing.
You feel clumsy.
* * * LOW HITPOINT WARNING * * *
You feel sick. The adder bites you but does no damage.
The kobold barely misses you.
You sock the adder!
The adder is almost dead.
The adder closely misses you. The kobold hits you but does no damage.
The adder closely misses you. The kobold hits you but does no damage.
You closely miss the adder.
The adder is severely wounded.
* * * LOW HITPOINT WARNING * * *
You feel sick. The adder bites you.
You die...

# .#.#######
...(.....#######
>...............
.......K........
#......@#
#########S#
........#.#
#.....# #..####
#..# #รท.#
######## #..#
.......# #..#


You could see an adder and a kobold.

Vanquished Creatures
  4 adders
  2 worms (D:2)
  A dart slug (D:3)
  3 leopard geckos
  3 giant cockroaches
  5 goblins
  3 hobgoblins
  4 jackals (D:2)
  7 kobolds
  A quokka (D:2)
  3 ball pythons
  8 bats
  5 frilled lizards
  8 rats
57 creatures vanquished.

Vanquished Creatures (others)
  A giant cockroach (D:2)
1 creature vanquished.

Grand Total: 58 creatures vanquished

Notes
Turn   | Place    | Note
-------+----------+-------------------------------------------
     0 | D:1      | galech the Ogre Fighter began the quest for the Orb.
     0 | D:1      | Reached XP level 1. HP: 24/24 MP: 1/1
   384 | D:1      | Reached XP level 2. HP: 32/32 MP: 2/2
  1320 | D:2      | Found a white marble altar of Elyvilon.
  1353 | D:2      | Reached XP level 3. HP: 36/40 MP: 3/3
  1619 | D:2      | Found an iron altar of Okawaru.
  1629 | D:2      | Became a worshipper of Warmaster Okawaru
  1911 | D:2      | Reached XP level 4. HP: 48/49 MP: 4/4
  2253 | D:3      | Found a shadowy altar of Dithmenos.
  2535 | D:3      | Found a glowing golden altar of the Shining One.
  2950 | D:3      | Gained mutation: You are agile. (Dex +2) [potion of mutation]
  2950 | D:3      | Gained mutation: Potions and wands are less effective at restoring your health. [potion of mutation]
  2950 | D:3      | Lost mutation: You are agile. (Dex +2) [potion of mutation]
  2950 | D:3      | HP: 2/49 [poisoned by an adder]
  2952 | D:3      | Slain by an adder

Skill      XL: |  1  2  3  4 |
---------------+-------------+-----
Shields        | 3 |  3.3
Maces & Flails | 3 4 |  4.3
Dodging        | 3 |  3.0
Fighting       | |  4.9
Stealth        | |  0.4

Action                   |  1- 3 |  4- 6 || total
-------------------------+-------+-------++-------
Melee: Flail             |   139 |   109 ||   248
  Use: Potion            |       |     5 ||     5
 Stab: Sleeping          |     1 |       ||     1
  Eat: Chunk             |     3 |     4 ||     7
Armor: Robe              |    74 |    37 ||   111
Dodge: Dodged            |    62 |    52 ||   114
Block: Shield            |    73 |    57 ||   130
